 Dungeon Crawl Stone Soup version 0.31-a0-232-gb1c03b2570 (webtiles) character file.

Game seed: 2143588165891435852

1001 qw the Skirmisher (level 8, 0/68 HPs)
             Began as a Minotaur Hexslinger on July 7, 2023.
             Was an Initiate of Okawaru.
             Slain by a yak (3 damage)
             ... on level 6 of the Dungeon.
             The game lasted 00:01:54 (4771 turns).

qw the Skirmisher (Minotaur Hexslinger)             Turns: 4771, Time: 00:01:54

Health: 0/68       AC: 12    Str: 13    XL:     8   Next: 0%
Magic:  8/8        EV: 11    Int: 10    God:    Okawaru [......]
Gold:   12         SH:  0    Dex: 15    Spells: 8/9 levels left

rFire   . . .        Y - +1 sling
rCold   . . .        (no shield)
rNeg    . . .        k - +0 ring mail
rPois   +            (helmet restricted)
rElec   .            d - +0 cloak
rCorr   .            o - +0 pair of gloves
SInv    .            m - +0 pair of boots
Will    .....        (no amulet)
Stlth   +            l - ring of poison resistance
HPRegen 0.31/turn    i - +4 ring of protection
MPRegen 0.11/turn

%: no passive effects
@: no status effects
A: horns 2, retaliatory headbutt
a: Renounce Religion


You were on level 6 of the Dungeon.
You worshipped Okawaru.
Okawaru was noncommittal.
You visited 2 branches of the dungeon, and saw 7 of its levels.

You collected 180 gold pieces.
You spent 168 gold pieces at shops.


Innate Abilities, Weirdness & Mutations

You have a pair of horns on your head.
You reflexively headbutt those who attack you in melee.


   Skills:
 - Level 5.0 Fighting
 + Level 8.8 Ranged Weapons
 - Level 2.7 Armour
 - Level 2.1 Dodging
 - Level 1.0 Spellcasting
 - Level 2.0 Hexes


You had 8 spell levels left.
You knew the following spells:

 Your Spells              Type           Power      Damage    Failure   Level
a - Slow                  Hex            16%        N/A       30%         1

Your spell library contained the following spells:

 Spells                   Type           Power      Damage    Failure   Level
 Inner Flame              Hex/Fire       2%         N/A       80%         3
 Portal Projectile        Hex/Tloc       4%         N/A       80%         3
 Cause Fear               Hex            2%         N/A       97%         4

Inventory:

Hand Weapons
 Y - a +1 sling (weapon)
Armour
 d - a +0 cloak (worn)
 k - a +0 ring mail (worn)
 m - a +0 pair of boots (worn)
 o - a +0 pair of gloves (worn)
Jewellery
 i - a +4 ring of protection (right hand)
 l - a ring of poison resistance (left hand)
 p - a ring of resist corrosion
Scrolls
 a - a scroll of identify
Potions
 b - a potion of might {unknown}
 c - a potion of cancellation {unknown}
 e - 8 potions of curing
 f - 3 potions of haste
 g - a potion of heal wounds {unknown}
 h - a potion of invisibility {unknown}
 j - 2 potions of enlightenment
 n - a potion of attraction {unknown}
 q - a potion of mutation {unknown}

Dungeon Overview and Level Annotations

Branches:
Dungeon (6/15)             Temple (1/1) D:5

Altars:
Ashenzari
Cheibriados
Dithmenos
Elyvilon
Fedhas
Gozag
Hepliaklqana
Kikubaaqudgha
Makhleb
Nemelex Xobeh
Okawaru
Ru
Sif Muna
Trog
Uskayaw
Vehumet
Wu Jian
Xom
Yredelemnul
Zin
The Shining One

Shops:
D:5 !


Message History

Okawaru is honoured by your kill. The yak gores you.
You have reached level 8!
You feel agile.
You shoot a sling bullet. The sling bullet hits the yak!
The yak is heavily wounded.
The yak gores you but does no damage. The yak gores you.
You shoot a sling bullet.
The sling bullet hits the yak but does no damage.
The yak is heavily wounded.
The yak gores you but does no damage. x2
You shoot a sling bullet.
The sling bullet hits the yak but does no damage.
The yak is heavily wounded.
The yak barely misses you. The yak gores you but does no damage.
You shoot a sling bullet.
The sling bullet hits the yak but does no damage.
The yak is heavily wounded.
The yak gores you! x2
You shoot a sling bullet.
The sling bullet closely misses the yak.
The yak gores you! x2
You shoot a sling bullet.
The sling bullet hits the yak but does no damage.
The yak is moderately wounded.
The yak gores you but does no damage. The yak barely misses you.
You furiously retaliate!
You headbutt the yak! The yak gores you but does no damage.
The yak barely misses you.
You shoot a sling bullet.
The sling bullet closely misses the yak.
The yak gores you but does no damage. The yak gores you.
You shoot a sling bullet.
The sling bullet closely misses the yak.
The yak barely misses you. x2
You shoot a sling bullet. The sling bullet hits the yak.
The yak is heavily wounded.
The yak gores you but does no damage. The yak barely misses you.
You shoot a sling bullet.
The sling bullet closely misses the yak.
The yak gores you but does no damage. The yak gores you.
You die...

##8###8###.#.........
########...#..#######.#
8###.###.#.##.#.....#.$.
##.....%......#.$$..#..#
##......##..#.#.._$.#.#
##...######...#.....#.#
8#...# #...#.....#.#
##...# ##..###+###.#
.....# #....@YYY./#
...#.# #....#YY.....
.....# ############.
.....########
.........>...
>....######## .>...#
...#.# ..##.#


You could see 5 yaks.

Vanquished Creatures
  A yak (D:6)
  An ice beast (D:6)
  A black bear (D:5)
  A phantom (D:6)
  4 scorpions
  A howler monkey (D:5)
  A jelly (D:6)
  2 hounds (D:5)
  An iguana (D:6)
  A hound skeleton (D:3)
  4 gnolls (D:4)
  5 adders
  2 white imps (D:5)
  2 ufetubi (D:5)
  An adder skeleton (D:3)
  An adder zombie (D:3)
  2 dart slugs (D:1)
  3 orcs
  7 ball pythons
  9 endoplasms
  4 giant cockroaches
  4 goblins
  8 hobgoblins
  7 jackals
  8 kobolds
  4 quokkas
  A ball python skeleton (D:3)
  4 bats
  2 frilled lizards
  A jackal zombie (D:3)
  19 rats
112 creatures vanquished.

Notes
Turn   | Place    | Note
-------+----------+-------------------------------------------
     0 | D:1      | qw the Minotaur Hexslinger began the quest for the Orb.
     0 | D:1      | Reached XP level 1. HP: 16/16 MP: 1/1
     0 | D:1      | 0 ||| qw: Version: 0.3-a-46-gb1f654a
     0 | D:1      | 0 ||| qw: Game counter: 2321
     0 | D:1      | 0 ||| qw: Melee chars always use a shield: true
     0 | D:1      | 0 ||| qw: God list: Okawaru
     0 | D:1      | 0 ||| qw: Allow faded altars: false
     0 | D:1      | 0 ||| qw: Do Orc after clearing Dungeon:15 true
     0 | D:1      | 0 ||| qw: Do second Lair branch before Depths: true
     0 | D:1      | 0 ||| qw: Lair rune preference: random
     0 | D:1      | 0 ||| qw: Goals: Normal
     0 | D:1      | 0 ||| PLANNING D:1-11
   110 | D:1      | Reached skill level 3 in Ranged Weapons
   114 | D:1      | Reached XP level 2. HP: 23/23 MP: 2/2
   608 | D:1      | Reached XP level 3. HP: 29/29 MP: 3/3
   836 | D:1      | 836 ||| UPGRADING to +4 ring of protection.
   837 | D:1      | 837 ||| READING scroll labelled EJOHEI KEME.
   838 | D:1      | 838 ||| READING scroll labelled QELIUR ISEI.
   839 | D:1      | 839 ||| DROPPING scroll of poison.
   954 | D:2      | Found a faded altar of an unknown god.
   960 | D:2      | Reached skill level 4 in Ranged Weapons
  1331 | D:2      | Reached XP level 4. HP: 36/36 MP: 4/4
  1640 | D:2      | 1640 ||| UPGRADING to +0 leather armour.
  1650 | D:2      | 1650 ||| DROPPING +0 robe.
  1651 | D:2      | 1651 ||| READING scroll labelled VUTRIDD GOLIEP.
  1652 | D:2      | 1652 ||| READING scroll labelled KICIRAUVOI.
  1753 | D:2      | 1753 ||| READING scroll labelled ERIM DAAPS.
  1754 | D:2      | 1754 ||| DRINKING 2 golden potions.
  1833 | D:3      | Reached skill level 5 in Ranged Weapons
  1971 | D:3      | Found a sacrificial altar of Ru.
  2321 | D:3      | Reached skill level 3 in Fighting
  2367 | D:3      | 2367 ||| UPGRADING to +0 ring mail.
  2377 | D:3      | 2377 ||| DROPPING +0 leather armour.
  2378 | D:3      | 2378 ||| UPGRADING to ring of resist corrosion.
  2379 | D:3      | 2379 ||| READING 2 scrolls labelled OCEQUCKOOZ.
  2380 | D:3      | 2380 ||| DRINKING 4 metallic amethyst potions.
  2744 | D:4      | 2744 ||| Stepping ~*~*~tactically~*~*~ (outnumbered).
  2748 | D:4      | Reached skill level 1 in Armour
  2748 | D:4      | Reached XP level 5. HP: 35/45 MP: 5/5
  2766 | D:4      | HP: 9/45 [gnoll/+0 spear (4)]
  3133 | D:4      | Found a glowing golden altar of the Shining One.
  3148 | D:4      | 3148 ||| UPGRADING to +0 pair of boots.
  3153 | D:4      | 3153 ||| UPGRADING to ring of poison resistance.
  3155 | D:4      | 3155 ||| UPGRADING to +4 ring of protection.
  3157 | D:4      | 3157 ||| DRINKING 3 brown potions.
  3184 | D:5      | Entered Level 5 of the Dungeon
  3199 | D:5      | Found a staircase to the Ecumenical Temple.
  3200 | D:5      | 3200 ||| PLANNING TEMPLE
  3208 | Temple   | Entered the Ecumenical Temple
  3208 | Temple   | Found a transporter.
  3208 | Temple   | Found a transporter.
  3210 | Temple   | Found a transporter.
  3210 | Temple   | Found a transporter.
  3220 | Temple   | 3220 ||| PLANNING D:1-11
  3271 | D:5      | Noticed a black bear
  3287 | D:5      | Killed a black bear
  3288 | D:5      | Reached skill level 6 in Ranged Weapons
  3368 | D:5      | Found Ruenkuag's Distillery.
  3416 | D:5      | Reached XP level 6. HP: 43/52 MP: 6/6
  3716 | D:5      | Reached skill level 7 in Ranged Weapons
  3750 | D:5      | Reached XP level 7. HP: 56/60 MP: 7/7
  4157 | D:5      | 4157 ||| UPGRADING to +0 pair of gloves.
  4162 | D:5      | 4162 ||| DROPPING ring of magical power.
  4163 | D:5      | 4163 ||| READING scroll labelled MEMAOSTR VASES.
  4280 | D:6      | 4280 ||| UPGRADING to +0 cloak.
  4292 | D:6      | 4292 ||| STAIRDANCE
  4345 | D:6      | Found a shimmering altar of Xom.
  4369 | D:6      | Reached skill level 8 in Ranged Weapons
  4399 | D:6      | 4399 ||| FLEEEEING.
  4562 | D:6      | 4562 ||| STAIRDANCE
  4566 | D:5      | 4566 ||| BUYING 2 potions of curing (84 gold).
  4566 | D:5      | Bought 2 potions of curing for 84 gold pieces
  4566 | D:5      | 4566 ||| BUYING potion of curing (42 gold).
  4566 | D:5      | Bought a potion of curing for 42 gold pieces
  4566 | D:5      | 4566 ||| BUYING potion of curing (42 gold).
  4566 | D:5      | Bought a potion of curing for 42 gold pieces
  4566 | D:5      | 4566 ||| SHOPLISTING potion of enlightenment (70 gold, have
                  | 12).
  4566 | D:5      | 4566 ||| SHOPLISTING potion of haste (140 gold, have 12).
  4566 | D:5      | 4566 ||| SHOPLISTING potion of heal wounds (70 gold, have
                  | 12).
  4587 | D:6      | Found an iron altar of Okawaru.
  4588 | D:6      | 4588 ||| PLANNING OKAWARU WORSHIP
  4591 | D:6      | Became a worshipper of Warmaster Okawaru
  4592 | D:6      | 4592 ||| PLANNING D:1-11
  4749 | D:6      | Noticed a yak
  4749 | D:6      | Noticed a yak
  4749 | D:6      | Noticed a yak
  4752 | D:6      | Noticed a yak
  4753 | D:6      | Noticed a yak
  4754 | D:6      | Noticed a yak
  4761 | D:6      | Killed a yak
  4762 | D:6      | Reached XP level 8. HP: 48/68 MP: 8/8
  4766 | D:6      | HP: 16/68 [yak (9)]
  4766 | D:6      | HP: 7/68 [yak (9)]
  4768 | D:6      | HP: 2/68 [yak (6)]
  4771 | D:6      | Slain by a yak

Levels and vault maps discovered:
D:1:      dpeg_arrival_ternary, layout_loops_corners, hangedman_decor_riveting
D:2:      kennysheep_big_flooded_room, layout_basic,
          ebering_ecumenical_altar_webs, minmay_rat_hole
D:3:      layout_basic, mainiacjoe_overflow_tiny_flanked, serial_undead,
          serial_undead_f, serial_undead_b, serial_undead_d, serial_undead_f
D:4:      layout_basic, mainiacjoe_overflow_brackets
D:5:      layout_gridville, lemuel_temple_firewalk_a, serial_shops,
          nicolae_take_the_stairs
D:6:      layout_rooms, mainiacjoe_overflow_alcove_4, amcnicky_altar_gilded,
          serial_corexii_hall, corexii_hall_statues_l, corexii_hall_statues_s
Temple:   hellmonk_temple_divided_pantheon

Skill      XL: |  1  2  3  4  5  6  7 |
---------------+----------------------+-----
Ranged Weapons | 3 4 5 6 7 8 |  8.8
Fighting       | 2 3 4 5 |  5.0
Armour         | 1 2 |  2.7
Dodging        | |  2.1
Spellcasting   | |  1.0
Hexes          | |  2.0

Action                     |  1- 3 |  4- 6 |  7- 9 || total
---------------------------+-------+-------+-------++-------
   Fire: Sling             |   107 |   215 |    95 ||   417
    Use: Scroll            |     2 |     4 |     1 ||     7
         Potion            |       |     3 |       ||     3
 Armour: Robe              |    11 |     5 |       ||    16
         Leather armour    |       |     4 |       ||     4
         Ring mail         |       |    44 |    24 ||    68
  Dodge: Dodged            |    22 |    78 |    41 ||   141

Table legend:
 A = Non-vault XP
 B = Vault XP
 C = Vault XP percentage of total XP
 D = Non-vault monster count
 E = Vault monster count
 F = Vault count percentage of total count
                 A         B        C        D         E       F
            +---------+---------+-------+---------+---------+-------
      Total |    1365 |      66 |   4.6 |      86 |      26 |  23.2
            +---------+---------+-------+---------+---------+-------
        D:1 |      45 |       0 |   0.0 |      22 |       0 |   0.0
        D:2 |      38 |      35 |  47.9 |      15 |      21 |  58.3
        D:3 |      30 |      31 |  50.8 |      17 |       5 |  22.7
        D:4 |      70 |       0 |   0.0 |      11 |       0 |   0.0
        D:5 |     558 |       0 |   0.0 |      13 |       0 |   0.0
        D:6 |     624 |       0 |   0.0 |       8 |       0 |   0.0
            +---------+---------+-------+---------+---------+-------
